 Dungeon Crawl Stone Soup version 0.25.1-8-g42b30a86e7 (webtiles) character file.

Game seed: 3789681378747638227

223 Destapler the Skirmisher (level 6, -1/53 HPs)
             Began as a Hill Orc Assassin on Dec 19, 2020.
             Was an Initiate of Beogh.
             Slain by an orc
             ... wielding a +2 mace of holy wrath
              (4 damage)
             ... on level 3 of the Dungeon.
             The game lasted 00:08:33 (3384 turns).

Destapler the Skirmisher (Hill Orc Assassin)        Turns: 3384, Time: 00:08:34

Health: -1/53      AC:  3    Str: 22    XL:     6   Next: 0%
Magic:  6/6        EV: 12    Int: 11    God:    Beogh [......]
Gold:   147        SH:  0    Dex: 12    Spells: 5/5 levels left

rFire    + . .     SeeInvis .   y - +3 dagger (speed)
rCold    + . .     Gourm    .   (no shield)
rNeg     . . .     Faith    .   b - +0 robe
rPois    .         Spirit   .   (no helmet)
rElec    .         Reflect  .   u - scarf {rC+ rF+}
rCorr    .         Harm     .   o - +0 pair of gloves
MR       .....                  (no boots)
Stlth    ++........             (no amulet)
HPRegen  0.17/turn              h - +6 ring of strength
MPRegen  0.10/turn              (no ring)

@: brilliant
A: no striking features
a: Renounce Religion


You were on level 3 of the Dungeon.
You worshipped Beogh.
Beogh was noncommittal.
You were hungry.

You visited 1 branch of the dungeon, and saw 3 of its levels.

You collected 147 gold pieces.

Inventory:

Hand Weapons
 a - a +2 dagger
 w - a +1 falchion of electrocution
 y - a +3 dagger of speed (weapon)
Missiles
 d - 7 poisoned darts
 e - a curare-tipped dart
 r - 2 atropa-tipped darts
 v - 5 boomerangs (quivered)
Armour
 b - a +0 robe (worn)
 c - a +0 cloak
 o - a +0 pair of gloves (worn)
 u - a scarf of resistance (worn)
Jewellery
 h - a +6 ring of strength (left hand)
Scrolls
 g - a scroll of enchant weapon {unknown}
 i - 3 scrolls of amnesia {unknown}
 j - a scroll of immolation {unknown}
 k - 2 scrolls of blinking {unknown}
 l - a scroll of enchant armour {unknown}
 m - 2 scrolls of identify {unknown}
 p - a scroll of fear {unknown}
 s - a scroll of teleportation {unknown}
 x - a scroll of remove curse {unknown}
Potions
 n - a potion of haste {unknown}
 q - a potion of brilliance
 t - a potion of mutation {unknown}
Comestibles
 f - 4 rations


   Skills:
 + Level 4.5 Fighting
 - Level 3.0 Short Blades
 - Level 2.0 Throwing
 + Level 3.2 Armour
 - Level 2.0 Dodging
 - Level 3.2 Stealth


You had 5 spell levels left.
You didn't know any spells.
Your spell library was empty.

Dungeon Overview and Level Annotations

Branches:
Dungeon (3/15)

Altars:


Message History

* * * LOW HITPOINT WARNING * * *
You are too injured to fight recklessly!
You closely miss the orc.
The orc is heavily wounded.
You barely miss the orc.
The orc is heavily wounded.
The orc barely misses you.
The orc hits you from afar with a +0 trident!
* * * LOW HITPOINT WARNING * * *
You closely miss the orc.
The orc is heavily wounded.
Press: ? - help, v - describe, . - travel The floor.
The orc hits you with a +2 mace of holy wrath.
* * * LOW HITPOINT WARNING * * *
Unknown command.
It was a potion of brilliance.
You feel clever all of a sudden.
The orc hits you with a +2 mace of holy wrath.
You die...

##.#.).........
#.#########
#.........#### #.#
#...♣♣♣♣♣...# #.#
#.. ♣...# #.# .
♣♣o.# #.# ♣♣o##
#.# ♣♣♣♣♣♣..# #.#
......#.######.#.#
.###....o@.....#.#
.######.########)#
..........)......#
........##########
.########


You could see an orc.

Vanquished Creatures
  An orc priest (D:3)
  Jessica (D:2)
  6 adders
  3 gnolls (D:3)
  A worm (D:2)
  A dart slug (D:2)
  2 leopard geckos
  8 orcs (D:3)
  2 giant cockroaches
  6 goblins
  9 hobgoblins
  4 jackals (D:3)
  13 bats
  5 frilled lizards
  6 kobolds
  5 rats
73 creatures vanquished.

Notes
Turn   | Place    | Note
-------+----------+-------------------------------------------
     0 | D:1      | Destapler the Hill Orc Assassin began the quest for the
                  | Orb.
     0 | D:1      | Reached XP level 1. HP: 18/18 MP: 1/1
   142 | D:1      | Reached skill level 1 in Dodging
   142 | D:1      | Reached XP level 2. HP: 25/25 MP: 2/2
   573 | D:1      | Reached skill level 1 in Armour
   613 | D:1      | Reached XP level 3. HP: 28/30 MP: 3/3
   890 | D:2      | Reached skill level 3 in Fighting
  1115 | D:2      | Noticed Jessica
  1121 | D:2      | Killed Jessica
  1121 | D:2      | Reached XP level 4. HP: 31/38 MP: 4/4
  1876 | D:3      | Reached XP level 5. HP: 18/45 MP: 5/5
  2602 | D:3      | Reached skill level 4 in Fighting
  2625 | D:3      | Became a worshipper of Beogh the Brigand
  3368 | D:3      | Reached XP level 6. HP: 20/53 MP: 6/6
  3379 | D:3      | HP: 2/53 [orc/+2 mace of holy wrath (3)]
  3384 | D:3      | Slain by an orc

Illustrated notes

Levels and vault maps discovered:
D:1:      wander_arrival_peaceful_grave, layout_loops_ring
D:2:      layout_loops_ring, uniq_jessica
D:3:      layout_basic, st_stairs_14, nrook_campfire, uniq_terence

Skill      XL: |  1  2  3  4  5 |
---------------+----------------+-----
Dodging        | 1 2 |  2.0
Throwing       | 2 |  2.0
Armour         | 1 2 3 |  3.2
Fighting       | 3 4 |  4.5
Short Blades   | 3 |  3.0
Stealth        | |  3.2

Action                   |  1- 3 |  4- 6 || total
-------------------------+-------+-------++-------
Melee: Dagger            |    95 |   123 ||   218
       Falchion          |       |    20 ||    20
Throw: Dart              |     5 |     2 ||     7
       Boomerang         |       |     2 ||     2
Invok: Convert to Beogh  |       |     1 ||     1
  Use: Potion            |       |     1 ||     1
 Stab: Sleeping          |     8 |     1 ||     9
  Eat: Chunk             |     1 |     6 ||     7
Armor: Robe              |    35 |    26 ||    61
Dodge: Dodged            |    51 |    73 ||   124
       Rpst.: Falchion   |       |     3 ||     3
